 Dungeon Crawl Stone Soup version 0.25-a0-346-g140ab784a8 (webtiles) character file.

Game seed: 17875260302157305633, levelgen mode: deterministic

3074 night the Magician (level 9, 0/66 HPs)
             Began as a Gnoll Air Elementalist on Dec 31, 2019.
             Was a Follower of Cheibriados.
             Slain by an orc warrior
             ... wielding a +2 flail of holy wrath
              (9 damage)
             ... on level 8 of the Dungeon.
             The game lasted 00:27:19 (10571 turns).

night the Magician (Gnoll Air Elementalist)        Turns: 10571, Time: 00:27:21

Health: 0/66       AC:  6    Str: 12    XL:     9   Next: 88%
Magic:  5/19       EV: 17    Int: 23    God:    Cheibriados [*.....]
Gold:   458        SH:  0    Dex: 18    Spells: 6/21 levels left

rFire    . . .     SeeInvis .   h - +3 dagger (drain)
rCold    . . .     Gourm    .   (no shield)
rNeg     . . .     Faith    .   a - +0 robe
rPois    .         Spirit   .   e - +2 hat
rElec    .         Reflect  .   (no cloak)
rCorr    .         Harm     .   (no gloves)
MR       .....                  k - +1 pair of boots
Stlth    +++.......             (no amulet)
HPRegen  0.21/turn              (no ring)
MPRegen  0.16/turn              (no ring)

@: very slightly contaminated, very slow
A: distributed training, fangs 1, strong nose
a: Bend Time, Renounce Religion


You were on level 8 of the Dungeon.
You worshipped Cheibriados.
Cheibriados was aware of your devotion.
You were near starving.

You visited 2 branches of the dungeon, and saw 9 of its levels.
You also visited: Ossuary.

You collected 458 gold pieces.

Inventory:

Hand Weapons
 d - a +0 short sword
 h - a +3 dagger of draining (weapon)
 t - a +0 hunting sling
Missiles
 b - 99 arrows
 f - 448 stones (quivered)
 o - 146 sling bullets
 s - 33 bolts
 v - 21 poisoned darts
 F - 6 javelins
 I - 5 boomerangs
 K - 2 throwing nets
Armour
 a - a +0 robe (worn)
 e - a +2 hat (worn)
 k - a +1 pair of boots (worn)
Jewellery
 C - an uncursed ring of ice {unknown}
Wands
 D - a wand of paralysis (5)
 E - a wand of flame (7)
 H - a wand of digging (5)
 J - a wand of polymorph (10)
Scrolls
 g - 4 scrolls of identify
 i - 3 scrolls of enchant armour
 n - 2 scrolls of remove curse
 q - a scroll of enchant weapon
 r - 2 scrolls of teleportation
 y - 2 scrolls of amnesia {unknown}
 z - a scroll of blinking
 G - a scroll of fear
Potions
 j - a potion of agility {unknown}
 l - 2 potions of heal wounds {unknown}
 m - a potion of lignification {unknown}
 p - a potion of cancellation {unknown}
 u - 6 potions of curing
 w - 5 potions of flight
 x - 3 potions of berserk rage
 A - 2 potions of might {unknown}
 B - a potion of haste {unknown}
Comestibles
 c - 17 rations


   Skills:
 + Level 4.5 Fighting
 + Level 4.5 Short Blades
 + Level 4.5 Long Blades
 + Level 4.5 Axes
 + Level 4.5 Maces & Flails
 + Level 4.5 Polearms
 + Level 4.5 Staves
 + Level 4.5 Slings
 + Level 4.5 Bows
 + Level 4.5 Crossbows
 + Level 4.5 Throwing
 + Level 4.5 Armour
 + Level 6.5 Dodging
 + Level 6.3 Stealth
 + Level 4.5 Shields
 + Level 4.5 Unarmed Combat
 + Level 6.8 Spellcasting
 + Level 4.4 Conjurations
 + Level 3.8 Hexes
 + Level 3.8 Charms
 + Level 3.8 Summonings
 + Level 3.8 Necromancy
 + Level 3.8 Translocations
 + Level 3.8 Transmutations
 + Level 3.8 Fire Magic
 + Level 3.8 Ice Magic
 + Level 6.7 Air Magic
 + Level 3.8 Earth Magic
 + Level 3.8 Poison Magic
 + Level 5.0 Invocations
 + Level 4.5 Evocations


You had 6 spell levels left.
You knew the following spells:

 Your Spells              Type           Power        Failure   Level  Hunger
a - Shock                 Conj/Air       ####         1%          1    None
b - Swiftness             Chrm/Air       ####....     1%          2    None
c - Airstrike             Air            #####.....   4%          4    ###....
d - Lightning Bolt        Conj/Air       ####......   22%         5    #####..
e - Static Discharge      Conj/Air       ####....     2%          3    None

Your spell library contained the following spells:

 Spells                   Type           Power        Failure   Level  Hunger


Dungeon Overview and Level Annotations

Branches:
Dungeon (8/15)             Temple (1/1) D:7         Ossuary (visited)
   Lair: D:8-11

Altars:
Ashenzari
Cheibriados
Dithmenos
Elyvilon
Fedhas
Gozag
Hepliaklqana
Kikubaaqudgha
Makhleb
Nemelex Xobeh
Okawaru
Qazlal
Ru
Sif Muna
Trog
Uskayaw
Vehumet
Wu Jian
Xom
Yredelemnul
Zin
The Shining One


Innate Abilities, Weirdness & Mutations

Your experience applies equally to all skills.
You have very sharp teeth.
Your uncanny sense of smell can sniff out nearby items.


Message History

The orc priest is severely wounded.
An orc warrior comes into view.
It is wielding a +2 flail of holy wrath.
The orc warrior misses you. The ogre barely misses you.
The orc warrior hits you with a +2 flail of holy wrath!!
The orc priest begins to cast a cantrip, but forgets the words!
The orc warrior hits you with a +2 flail of holy wrath!!
Casting: Shock (safe; 1% risk of failure)
Confirm with . or Enter, or press ? or * to list all spells.
Aiming: Lightning Bolt (quite dangerous; 22% risk of failure)
Press: ? - help, Shift-Dir - straight line, f/p - orc priest
Aim: an orc priest, wearing a +0 leather armour (severely wounded)
You miscast Lightning Bolt.
You are very lightly contaminated with residual magic.
You feel momentarily weightless.
The orc priest invokes the aid of Beogh against you.
Beogh smites you!
* * * LOW HITPOINT WARNING * * *
The orc warrior hits you with a +2 flail of holy wrath!
You die...

#.# #.# #.# # #.# #.#.#
#.#.######## #. .
#....o.o.)). #..
....########.########
#.#+#+#....@oO.o.#...
#.#.#.#.########.#.#####
###.#.#.# #........
.....#.##########.#######
######.#.................#
......................#.##
######.#.#.############.#
.......#.#........ #
########.#########


You could see an orc warrior, an ogre and an orc priest.

Vanquished Creatures
  Grinder (D:5)
  Menkaure (Ossuary)
  A water moccasin (D:6)
  An ice beast (D:8)
  An orc warrior (D:6)
  A phantom (D:7)
  3 ogres
  3 sky beasts
  3 eyes of draining (D:5)
  4 big kobolds (D:4)
  2 bullfrogs (D:7)
  5 killer bees (D:8)
  2 howler monkeys
  2 crimson imps (D:6)
  2 centaur zombies
  A quasit (D:4)
  An orc priest (D:7)
  5 hounds
  2 jellies (D:5)
  3 orc wizards
  3 worker ants
  A hound skeleton (D:6)
  3 mummies (Ossuary)
  A worker ant zombie (D:5)
  A howler monkey zombie (D:7)
  2 howler monkey skeletons
  13 adders
  An ooze (D:2)
  An adder zombie (D:5)
  A dart slug (D:1)
  2 worms
  3 leopard geckos
  22 orcs
  6 giant cockroaches
  6 goblins
  13 hobgoblins
  4 jackals (D:6)
  50 kobolds
  4 quokkas
  A ball python (D:2)
  8 bats
  A frilled lizard (D:2)
  5 gnoll skeletons (Ossuary)
  2 gnoll zombies (Ossuary)
  3 goblin skeletons (Ossuary)
  2 hobgoblin skeletons (Ossuary)
  6 hobgoblin zombies (Ossuary)
  6 kobold skeletons (Ossuary)
  6 kobold zombies (Ossuary)
  A leopard gecko zombie (D:7)
  5 orc skeletons (Ossuary)
  4 orc zombies (Ossuary)
  5 rats
  3 rat skeletons (Ossuary)
  5 rat zombies (Ossuary)
244 creatures vanquished.

Vanquished Creatures (others)
  A kobold skeleton (Ossuary)
  A kobold zombie (Ossuary)
  An orc zombie (Ossuary)
3 creatures vanquished.

Grand Total: 247 creatures vanquished

Notes
Turn   | Place    | Note
-------+----------+-------------------------------------------
     0 | D:1      | night the Gnoll Air Elementalist began the quest for the
                  | Orb.
     0 | D:1      | Reached XP level 1. HP: 13/13 MP: 6/6
   300 | D:1      | Reached XP level 2. HP: 19/19 MP: 5/7
   494 | D:1      | Learned a level 2 spell: Swiftness
   811 | D:2      | Found a hide-covered altar of Uskayaw.
   811 | D:2      | Noticed a +0 hand axe
   811 | D:2      | Noticed a +0 hand axe
   816 | D:2      | Reached XP level 3. HP: 25/25 MP: 5/9
   878 | D:2      | Reached skill level 5 in Spellcasting
   920 | D:2      | Reached skill level 1 in Invocations
  1074 | D:2      | Reached skill level 1 in Fighting
  1074 | D:2      | Reached skill level 1 in Short Blades
  1074 | D:2      | Reached skill level 1 in Long Blades
  1074 | D:2      | Reached skill level 1 in Axes
  1074 | D:2      | Reached skill level 1 in Maces & Flails
  1074 | D:2      | Reached skill level 1 in Polearms
  1074 | D:2      | Reached skill level 1 in Staves
  1074 | D:2      | Reached skill level 1 in Slings
  1074 | D:2      | Reached skill level 1 in Bows
  1074 | D:2      | Reached skill level 1 in Crossbows
  1074 | D:2      | Reached skill level 1 in Throwing
  1074 | D:2      | Reached skill level 1 in Armour
  1074 | D:2      | Reached skill level 1 in Shields
  1074 | D:2      | Reached skill level 1 in Unarmed Combat
  1074 | D:2      | Reached skill level 1 in Evocations
  1074 | D:2      | Reached XP level 4. HP: 32/32 MP: 8/11
  1562 | D:3      | Found a blossoming altar of Fedhas.
  1617 | D:3      | Learned a level 4 spell: Airstrike
  1625 | D:3      | Reached skill level 1 in Hexes
  1625 | D:3      | Reached skill level 1 in Charms
  1625 | D:3      | Reached skill level 1 in Summonings
  1625 | D:3      | Reached skill level 1 in Necromancy
  1625 | D:3      | Reached skill level 1 in Translocations
  1625 | D:3      | Reached skill level 1 in Transmutations
  1625 | D:3      | Reached skill level 1 in Fire Magic
  1625 | D:3      | Reached skill level 1 in Ice Magic
  1625 | D:3      | Reached skill level 1 in Earth Magic
  1625 | D:3      | Reached skill level 1 in Poison Magic
  1885 | D:3      | Reached XP level 5. HP: 37/37 MP: 6/12
  1892 | D:3      | Learned a level 5 spell: Lightning Bolt
  2991 | D:4      | Reached XP level 6. HP: 44/44 MP: 8/13
  3812 | D:4      | Reached skill level 5 in Dodging
  3837 | D:4      | Reached XP level 7. HP: 45/50 MP: 1/15
  4527 | D:5      | Entered Level 5 of the Dungeon
  4687 | D:5      | Noticed Grinder
  4713 | D:5      | Reached skill level 5 in Stealth
  4807 | D:5      | Paralysed by Grinder for 6 turns
  5576 | D:5      | Killed Grinder
  5576 | D:5      | Reached XP level 8. HP: 58/58 MP: 3/16
  5822 | D:5      | Found a bloodstained altar of Trog.
  6469 | D:6      | Found a sand-covered staircase.
  6474 | Ossuary  | Entered an ossuary
  7237 | Ossuary  | Noticed Menkaure
  7296 | Ossuary  | Killed Menkaure
  7853 | D:6      | Learned a level 3 spell: Static Discharge
  7960 | D:6      | Reached XP level 9. HP: 65/65 MP: 7/18
  8924 | D:7      | Found a staircase to the Ecumenical Temple.
  8936 | Temple   | Entered the Ecumenical Temple
  9063 | Temple   | Became a worshipper of Cheibriados the Contemplative
 10018 | D:8      | Reached * piety under Cheibriados
 10359 | D:8      | Reached skill level 5 in Invocations
 10571 | D:8      | Slain by an orc warrior

Levels and vault maps discovered:
D:1:      dpeg_arrival_chambers_temple_mockup, layout_loops_cross
D:2:      layout_loops_ring, dancing_weapons_uskayaw, first_ration
D:3:      layout_loops_ring, fedhas_ov_isle_minmay
D:4:      minmay_goblin_kobold_castle, layout_layer_cave, minivault_27
D:5:      layout_layer_cave, trog_eyes_of_draining, uniq_grinder
D:6:      layout_rooms, enter_ossuary_2
D:7:      layout_loops_cross, minmay_temple_entry_ruins, grunt_ogre_cave
D:8:      layout_basic, grunt_ministairs_15
Temple:   kilobyte_greek_temple

Skill      XL: |  1  2  3  4  5  6  7  8  9 |
---------------+----------------------------+-----
Conjurations   | 2 3 4 |  4.4
Spellcasting   | 5 6 |  6.8
Invocations    | 1 2 3 4 5 |  5.0
Fighting       | 1 2 3 4 |  4.5
Short Blades   | 1 2 3 4 |  4.5
Long Blades    | 1 2 3 4 |  4.5
Axes           | 1 2 3 4 |  4.5
Maces & Flails | 1 2 3 4 |  4.5
Polearms       | 1 2 3 4 |  4.5
Staves         | 1 2 3 4 |  4.5
Slings         | 1 2 3 4 |  4.5
Bows           | 1 2 3 4 |  4.5
Crossbows      | 1 2 3 4 |  4.5
Throwing       | 1 2 3 4 |  4.5
Armour         | 1 2 3 4 |  4.5
Shields        | 1 2 3 4 |  4.5
Unarmed Combat | 1 2 3 4 |  4.5
Evocations     | 1 2 3 4 |  4.5
Hexes          | 1 2 3 |  3.8
Charms         | 1 2 3 |  3.8
Summonings     | 1 2 3 |  3.8
Necromancy     | 1 2 3 |  3.8
Translocations | 1 2 3 |  3.8
Transmutations | 1 2 3 |  3.8
Fire Magic     | 1 2 3 |  3.8
Ice Magic      | 1 2 3 |  3.8
Earth Magic    | 1 2 3 |  3.8
Poison Magic   | 1 2 3 |  3.8
Dodging        | 5 6 |  6.5
Stealth        | 5 6 |  6.3
Air Magic      | 6 |  6.7

Action                   |  1- 3 |  4- 6 |  7- 9 || total
-------------------------+-------+-------+-------++-------
Melee: Short sword       |       |    16 |     6 ||    22
       Dagger            |       |     9 |    86 ||    95
       Bite              |       |       |     7 ||     7
       Punch             |       |       |     2 ||     2
 Cast: Shock             |    48 |   155 |   299 ||   502
       Airstrike         |       |     2 |    25 ||    27
       Swiftness         |       |     1 |       ||     1
       Lightning Bolt    |       |       |     1 ||     1
       Static Discharge  |       |       |    10 ||    10
  Use: Scroll            |       |     6 |     7 ||    13
 Stab: Sleeping          |       |       |     4 ||     4
  Eat: Chunk             |       |     8 |    16 ||    24
       Ration            |       |       |     2 ||     2
Armor: Robe              |       |    11 |    28 ||    39
Dodge: Dodged            |     4 |    43 |   118 ||   165

Table legend:
 A = Non-vault XP
 B = Vault XP
 C = Vault XP percentage of total XP
 D = Non-vault monster count
 E = Vault monster count
 F = Vault count percentage of total count
                 A         B        C        D         E       F
            +---------+---------+-------+---------+---------+-------
      Total |    2930 |    1462 |  33.3 |     129 |     111 |  46.2
            +---------+---------+-------+---------+---------+-------
        D:1 |      21 |       0 |   0.0 |      10 |       0 |   0.0
        D:2 |      97 |       0 |   0.0 |      19 |       0 |   0.0
        D:3 |      87 |       0 |   0.0 |      25 |       0 |   0.0
        D:4 |     279 |     462 |  62.3 |      19 |      55 |  74.3
        D:5 |     328 |     638 |  66.0 |       8 |       6 |  42.9
        D:6 |     763 |       0 |   0.0 |      18 |       0 |   0.0
        D:7 |     772 |     118 |  13.3 |      20 |       1 |   4.8
        D:8 |     583 |      43 |   6.9 |      10 |       2 |  16.7
    Ossuary |       0 |     201 | 100.0 |       0 |      47 | 100.0
            +---------+---------+-------+---------+---------+-------
